 Dungeon Crawl Stone Soup version 0.17.0-57-g0e89251 (webtiles) character file.

1573 PossumBlood the Chopper (level 9, 0/71 HPs)
             Began as a Formicid Fighter on Dec 7, 2015.
             Was a Follower of the Shining One.
             Killed by divine providence
             ... invoked by an orc priest
              (11 damage)
             ... on level 6 of the Dungeon.
             The game lasted 00:14:45 (5864 turns).

PossumBlood the Chopper (Formicid Fighter)          Turns: 5864, Time: 00:14:46

Health: 0/71       AC: 12    Str: 29    XL:     9   Next: 13%
Magic:  9/9        EV:  9    Int:  8    God:    the Shining One [*.....]
Gold:   217        SH: 12    Dex: 10    Spells: 0 memorised, 8 levels left

rFire  . . .     SeeInvis +     a - +1 war axe
rCold  . . .     Clarity  .     b - +0 scale mail
rNeg   . . .     SustAt   .     c - +1 shield
rPois  +         Gourm    .     (helmet unavailable)
rElec  .         Spirit   .     r - +2 cloak {rPois}
rCorr  +         Warding  .     v - +0 pair of gloves
rMut   .         Stasis   +     (no boots)
MR     +....                    u - amulet of resist corrosion
Stlth  ..........               (no ring)
                                m - ring of protection from magic

@: mighty, glowing, somewhat resistant to hostile enchantments, extremely
unstealthy
A: permanent stasis, dig shafts and tunnels, four strong arms, antennae 3
a: Dig, Shaft Self, Renounce Religion


You were on level 6 of the Dungeon.
You worshipped the Shining One.
The Shining One was aware of your devotion.
You were not hungry.

You visited 2 branches of the dungeon, and saw 7 of its levels.
You also visited: Sewer.

You collected 217 gold pieces.

Inventory:

Hand Weapons
 a - a +1 war axe (weapon)
 x - a +1 flail of protection
Missiles
 i - 8 tomahawks (quivered)
Armour
 b - a +0 scale mail (worn)
 c - a +1 shield (worn)
 r - a +2 cloak of poison resistance (worn)
 v - a +0 pair of gloves (worn)
Jewellery
 m - a ring of protection from magic (left hand)
 u - an amulet of resist corrosion (around neck)
Wands
 p - a wand of fireball (7)
Scrolls
 e - 7 scrolls of identify
 j - 2 scrolls of magic mapping
 q - 4 scrolls of remove curse
 t - a scroll of enchant armour
 y - a scroll of fear {unknown}
 C - a scroll of enchant weapon
Potions
 d - 4 potions of might
 f - 4 potions of brilliance {unknown}
 g - 2 potions of flight {unknown}
 h - 6 potions of heal wounds {unknown}
 k - a potion of ambrosia {unknown}
 l - a potion of degeneration {unknown}
 s - 2 potions of agility {unknown}
 B - a potion of lignification {unknown}
Books
 o - a book of the Tempests

   Spells                             Type                      Level
   a - Static Discharge               Conjuration/Air              3
   b - Lightning Bolt                 Conjuration/Air              5
   c - Fireball                       Conjuration/Fire             5
   d - Tornado                        Air                          9
   e - Shatter                        Earth                        9
 A - a book of Burglary

   Spells                             Type                      Level
   a - Swiftness                      Charms/Air                   2
   b - Passwall                       Transmutation/Earth          3
   c - Passage of Golubria            Translocation                4
   d - Lee's Rapid Deconstruction     Earth                        5
   e - Darkness                       Hexes                        6
   f - Invisibility                   Hexes                        6
Comestibles
 w - a bread ration
 z - 2 meat rations


   Skills:
 + Level 6.4 Fighting
 * Level 7.0 Axes
 + Level 6.2 Armour
 + Level 6.8 Shields


You had 8 spell levels left.
You didn't know any spells.

Dungeon Overview and Level Annotations

Branches:
Dungeon (6/15)             Temple (1/1) D:4

Altars:
Ashenzari
Cheibriados
Dithmenos
Elyvilon
Fedhas
Gozag
Kikubaaqudgha
Makhleb
Nemelex Xobeh
Okawaru
Qazlal
Ru
Sif Muna
Trog
Vehumet
Xom
Yredelemnul
Zin
The Shining One

Shops:
D:4 %   D:5 (


Innate Abilities, Weirdness & Mutations

You are under a permanent stasis effect.
You can dig through walls and to a lower floor.
Your four strong arms can wield two-handed weapons with a shield.
You have a pair of large antennae on your head (SInv).


Message History

Drink which item? (? for menu, Esc to quit)
You feel very mighty all of a sudden.
The orc priest hits you but does no damage.
You block the orc warrior's attack.
You slash the orc warrior!
The orc warrior is severely wounded.
You slash the orc priest!
The orc priest is heavily wounded.
The orc priest mumbles some strange prayers to Beogh against you.
You easily resist.
The orc warrior hits you with a scimitar!
* * * LOW HITPOINT WARNING * * *
You slash the orc warrior!
You kill the orc warrior!
Your Axes skill increases to level 7!
You hit the orc priest.
The orc priest is severely wounded.
The orc priest mumbles some strange prayers to Beogh against you.
Something smites you!
You die...

#.....# # #.....#### #.
####......... #
#.####.......#### .#
....##.......# .<
#.#.##.#####.# .#
#............# ..#./
###.##.#####.#####......
###.##.# #.....@Z.#
....##...........o...?..
.##########.#######.....
.# #. .... |# #. ......
.### ##.# ..... ...#
#...# ###...###.# #..#
#...# #.......#.# ...#
#...# ###...........


You could see an orc priest and a giant frog skeleton.

Vanquished Creatures
  Sigmund (D:2)
  An orc warrior (D:6)
  The ghost of Qwertycoatl the Conjurer, an amateur DECj (Sewer)
  A phantom (D:4)
  An ogre (D:4)
  A big kobold (Sewer)
  The ghost of Rex the Shield-Bearer, a weakling FoFi (D:3)
  A hound (D:4)
  A giant frog skeleton (D:5)
  2 orc priests
  Crazy Yiuf (D:2)
  2 iguanas
  6 orc wizards
  2 gnoll shamans (D:4)
  3 worker ants
  9 gnolls (D:4)
  6 river rats
  13 adders
  A shadow imp (D:5)
  2 oozes (D:1)
  An adder skeleton (D:5)
  4 worms
  19 orcs
  10 bats
  5 giant cockroaches
  3 hobgoblins
  21 kobolds
  2 quokkas
  9 ball pythons
  6 giant newts
  7 goblins
  A jackal skeleton (D:4)
  A quokka skeleton (D:6)
  28 rats
173 creatures vanquished.

Notes
Turn   | Place    | Note
--------------------------------------------------------------
     0 | D:1      | PossumBlood the Formicid Fighter began the quest for the Orb.
     0 | D:1      | Reached XP level 1. HP: 18/18 MP: 1/1
    96 | D:1      | Reached XP level 2. HP: 21/24 MP: 2/2
   459 | D:1      | Reached XP level 3. HP: 29/29 MP: 3/3
   607 | D:2      | Reached skill level 4 in Shields
   707 | D:2      | Found a white marble altar of Elyvilon.
   711 | D:2      | Reached XP level 4. HP: 37/37 MP: 4/4
   728 | D:2      | Noticed Sigmund
   742 | D:2      | Killed Sigmund
   742 | D:2      | Reached XP level 5. HP: 29/43 MP: 5/5
   742 | D:2      | Reached XP level 6. HP: 33/49 MP: 6/6
  1191 | D:2      | Noticed Crazy Yiuf
  1199 | D:2      | Killed Crazy Yiuf
  1573 | D:3      | Reached skill level 5 in Shields
  1706 | D:3      | Noticed Rex's ghost (weakling FoFi)
  1721 | D:3      | Killed Rex's ghost
  1962 | D:3      | Reached XP level 7. HP: 41/55 MP: 7/7
  2483 | D:4      | Reached skill level 5 in Fighting
  2519 | D:4      | Found a staircase to the Ecumenical Temple.
  2543 | Temple   | Entered the Ecumenical Temple
  2603 | Temple   | Became a worshipper of the Shining One
  2653 | D:4      | Found a glowing drain.
  2676 | Sewer    | Entered a sewer
  2678 | Sewer    | Noticed Qwertycoatl's ghost (amateur DECj)
  2693 | Sewer    | HP: 2/56 [Qwertycoatl's ghost/spray of energy (11)]
  2696 | Sewer    | Killed Qwertycoatl's ghost
  2696 | Sewer    | Reached skill level 5 in Axes
  2696 | Sewer    | Reached skill level 5 in Armour
  2912 | Sewer    | Reached XP level 8. HP: 50/63 MP: 8/8
  3557 | D:4      | Reached skill level 6 in Shields
  3915 | D:4      | Found a shimmering altar of Xom.
  4638 | D:4      | Found Wioblik's Food Shop.
  4896 | D:5      | Entered Level 5 of the Dungeon
  5092 | D:5      | Reached * piety under the Shining One
  5389 | D:5      | Found Luecan's Antique Weapon Shop.
  5675 | D:6      | Reached XP level 9. HP: 65/69 MP: 9/9
  5858 | D:6      | HP: 2/70 [orc warrior/scimitar (14)]
  5860 | D:6      | The Shining One protects you from harm!
  5864 | D:6      | Reached skill level 7 in Axes
  5864 | D:6      | Killed from afar by an orc priest

Action                   |  1- 3 |  4- 6 |  7- 9 || total
-------------------------+-------+-------+-------++-------
Melee: War axe           |    72 |   109 |   361 ||   542
  Use: Scroll            |       |     6 |     2 ||     8
       Potion            |       |       |     9 ||     9
  Eat: Bread ration      |       |     1 |     3 ||     4
       Beef jerky        |       |       |     1 ||     1
       Pizza             |       |       |     1 ||     1
